 Dungeon Sprint DCSS version 0.29-a0-789-g7a8fcbc185 (webtiles) character file.

Game seed: 12869782532014785726

14449 mhtbhm the Ninja (level 11, -4/52 HPs)
             Began as a Spriggan Enchanter on July 2, 2022.
             Was the Champion of Dithmenos.
             Killed from afar by a fire giant (18 damage)
             ... with a fireball
             ... in the Dungeon (Sprint I: "Red Sonja").
             The game lasted 00:06:43 (1984 turns).

mhtbhm the Ninja (Spriggan Enchanter)               Turns: 1984, Time: 00:06:44

Health: -4/52      AC:  3    Str:  4    XL:     11   Next: 88%
Magic:  11/27      EV: 27    Int: 17    God:    Dithmenos [******]
Gold:   1646       SH:  0    Dex: 20    Spells: 22/33 levels left

rFire   + . .      SeeInvis +   a - +2 dagger (elec)
rCold   . . .      Faith    .   (no shield)
rNeg    . . .      Spirit   .   b - +1 robe {Archmagi}
rPois   +          Reflect  .   (helmet restricted)
rElec   +          Harm     .   v - scarf {repulsion}
rCorr   .          Rampage  .   (gloves unavailable)
Will    +....      Archmagi +   (boots unavailable) Stlth *********+ NoTele +
                                q - amulet "Quogel" {rElec Regen+}
HPRegen 0.97/turn               p - ring of poison resistance
MPRegen 0.20/turn               r - ring of protection from fire

@: wreathed by umbra, repel missiles, very quick
A: very small, no large weapons, unfitting armour, see invisible, speed 3
a: Renounce Religion, Shadow Step, Shadow Form


You were in the Dungeon.
You worshipped Dithmenos.
Dithmenos was exalted by your worship.
You visited 1 branch You collected 2746 gold pieces.
You spent 1100 gold pieces at shops.

Inventory:

Hand Weapons
 a - a +2 dagger of electrocution (weapon)
 o - a +0 dagger of holy wrath
Missiles
 l - 4 curare-tipped darts (quivered)
Armour
 b - a +1 robe of the Archmagi (worn)
 v - a scarf of repulsion (worn)
Jewellery
 p - a ring of poison resistance (left hand)
 q - the amulet "Quogel" (around neck) {rElec Regen+}
   (You bought it in a shop in the Dungeon)

   [amulet of regeneration]

   rElec:     It insulates you from electricity.
   Regen:     It increases your rate of health regeneration.
 r - a ring of protection from fire (right hand)
Wands
 i - a wand of roots (8)
 t - a wand of mindburst (8)
Scrolls
 n - a scroll of fog {unknown}
 s - a scroll of immolation {unknown}
 w - a scroll of amnesia {unknown}
 x - a scroll of magic mapping {unknown}
 y - a scroll of identify {unknown}
Potions
 c - 3 potions of invisibility
 d - 7 potions of curing
 e - a potion of heal wounds
 f - a potion of haste
 g - 2 potions of magic
 h - a potion of berserk rage
 j - a potion of resistance {unknown}
 k - a potion of mutation {unknown}
 m - 2 potions of brilliance {unknown}
Miscellaneous
 u - a tin of tremorstones (2/2)


   Skills:
 + Level 3.4 Fighting
 + Level 8.1 Short Blades
 + Level 12.0 Dodging
 O Level 27 Stealth
 + Level 11.9 Spellcasting
 + Level 3.0 Conjurations
 + Level 14.8 Hexes
 + Level 5.6 Ice Magic
 * Level 12.3 Invocations


You had 22 spell levels left.
You knew the following spells:

 Your Spells              Type           Power      Damage    Failure   Level
a - Ensorcelled Hibernat  Hex/Ice        100%       N/A       1%          2
b - Confusing Touch       Hex            74%        N/A       1%          3
c - Tukima's Dance        Hex            74%        N/A       1%          3
d - Dazzling Flash        Conj/Hex       100%       N/A       1%          3

Your spell library contained the following spells:

 Spells                   Type           Power      Damage    Failure   Level
 Gell's Gravitas          Tloc           15%        N/A       22%         3
 Lesser Beckoning         Tloc           15%        N/A       22%         3
 Malign Gateway           Summ/Tloc      7%         N/A       100%        7


Dungeon Overview and Level Annotations

Branches:
Dungeon (1/1)

Altars:
Cheibriados
Dithmenos
Elyvilon
Fedhas
Gozag
Hepliaklqana
Kikubaaqudgha
Makhleb
Nemelex Xobeh
Okawaru
Qazlal
Ru
Sif Muna
Trog
Uskayaw
Vehumet
Wu Jian
Xom
Yredelemnul
Zin
The Shining One
Jiyva
Lugonu

Shops:
D (*!??:==?**?:?*[(*


Innate Abilities, Weirdness & Mutations

You are very small and have problems with some larger weapons.
You are too small for most types of armour.
You have supernaturally acute eyesight. (SInv)
You cover ground extremely quickly. (Speed+++)


Message History

Okay, then.
Okay, then.
Casting: Ensorcelled Hibernation (safe; 1% risk of failure)
Confirm with . or Enter, or press ? or * to list all spells.
Casting: Dazzling Flash (safe; 1% risk of failure)
Press: ? - help, Dir - look around, f - activate
Okay, then.
Okay, then.
Casting: Dazzling Flash (safe; 1% risk of failure)
Confirm with . or Enter, or press ? or * to list all spells.
Casting: Dazzling Flash (safe; 1% risk of failure)
Press: ? - help, Dir - look around, f - activate You feel a surge of power!
The fire giant misses you.
The fire giant completely misses you. x2
Unknown command.
Unknown command.
Casting: Dazzling Flash (safe; 1% risk of failure)
Confirm with . or Enter, or press ? or * to list all spells.
Casting: Dazzling Flash (safe; 1% risk of failure)
Press: ? - help, Dir - look around, f - activate You feel a surge of power!
The fire giant is dazzled. x2
The fire giant completely misses you. The fire giant barely misses you.
The fire giant casts a spell at you.
The fireball explodes!
The fireball engulfs you! You resist.
* * * LOW HITPOINT WARNING * * *
You emit a cloud of dark smoke.
The fireball engulfs the fire giant!
The fire giant resists.
The fireball engulfs the fire giant!
The fire giant resists.
The fireball engulfs the fire giant!
The fire giant resists.
Unknown command.
Unknown command.
Unknown command.
Casting: Dazzling Flash (safe; 1% risk of failure)
Confirm with . or Enter, or press ? or * to list all spells.
Casting: Dazzling Flash (safe; 1% risk of failure)
Press: ? - help, Dir - look around, f - activate You feel a surge of power!
The fire giant is dazzled.
The fire giant points at you and mumbles some strange words.
The fireball explodes!
The fireball engulfs you!! You resist.
You die...

..'.....'.∩##.#°°# ##...#
).###########.##'# ###.#
.###.......##§##.# #.#
'#.#..†...†.'§#### #.#
...#'''######§# ####'#
)..#.....§§§#.##### #....#
####.....§.#§§#$?!#####...####
}[.......§§####§C§§.)...#
.)......§§§##)?§@§§.#####
.......≈§§###$)§CC§##
##..≈≈≈≈### #?....##
#'######'####$$$$$#
∩########∩∩########
∩∩∩∩∩∩∩∩∩∩###≈≈≈≈≈≈
########### ####### #..0..+


You could see 3 fire giants.

Vanquished Creatures
  A golden dragon (D)
  A shadow dragon (D)
  A fire giant (D)
  A hydra (D)
  2 centaur warriors (D)
  Sonja (D)
  A deep troll (D)
  A lindwurm (D)
  An oklob plant (D)
  7 unseen horrors (D)
  2 kobold demonologists (D)
  3 demonic crawlers (D)
  A gargoyle (D)
  A hornet (D)
  A slime creature (D)
  Sigmund (D)
  A yak (D)
  13 hogs (D)
  2 redbacks (D)
  3 floating eyes (D)
  An ogre (D)
  7 necrophages (D)
  8 jellies (D)
  Ijyb (D)
  A ballistomycete spore (D)
63 creatures vanquished.

Vanquished Creatures (others)
  A ballistomycete spore (D)
1 creature vanquished.

Grand Total: 64 creatures vanquished

Notes
Turn   | Place    | Note
-------+----------+-------------------------------------------
     0 | D        | mhtbhm the Spriggan Enchanter began the quest for the Orb.
     0 | D        | Reached XP level 1. HP: 9/9 MP: 5/5
     1 | D        | Noticed Ijyb
    33 | D        | Killed Ijyb
    34 | D        | Reached skill level 6 in Stealth
    34 | D        | Reached skill level 5 in Hexes
    34 | D        | Reached XP level 2. HP: 2/13 MP: 5/7
   276 | D        | Learned a level 2 spell: Ensorcelled Hibernation
   297 | D        | Noticed an ogre
   304 | D        | Killed an ogre
   305 | D        | Reached skill level 5 in Dodging
   305 | D        | Reached skill level 9 in Stealth
   305 | D        | Reached XP level 3. HP: 16/16 MP: 3/10
   305 | D        | Reached XP level 4. HP: 21/21 MP: 3/11
   309 | D        | Learned a level 3 spell: Confusing Touch
   313 | D        | Learned a level 3 spell: Tukima's Dance
   317 | D        | Learned a level 3 spell: Dazzling Flash
   374 | D        | Noticed Sigmund
   377 | D        | Killed Sigmund
   378 | D        | Reached skill level 11 in Stealth
   378 | D        | Reached skill level 5 in Spellcasting
   378 | D        | Reached XP level 5. HP: 24/24 MP: 12/14
   407 | D        | Found an ornate altar of the Wu Jian Council.
   407 | D        | Found a shimmering blue altar of Sif Muna.
   409 | D        | Found a radiant altar of Vehumet.
   414 | D        | Reached skill level 12 in Stealth
   414 | D        | Reached skill level 1 in Ice Magic
   414 | D        | Reached XP level 6. HP: 28/28 MP: 16/16
   415 | D        | Found Laywnodd's General Store.
   415 | D        | Found an ancient bone altar of Kikubaaqudgha.
   415 | D        | Found a hazy altar of Hepliaklqana.
   415 | D        | Found a stormy altar of Qazlal.
   415 | D        | Found a hide-covered altar of Uskayaw.
   415 | D        | Found a blossoming altar of Fedhas.
   415 | D        | Found a bloodstained altar of Trog.
   415 | D        | Found an iron altar of Okawaru.
   415 | D        | Found a basalt altar of Yredelemnul.
   415 | D        | Found a glowing golden altar of the Shining One.
   415 | D        | Found a snail-covered altar of Cheibriados.
   415 | D        | Found a sacrificial altar of Ru.
   415 | D        | Found a glowing silver altar of Zin.
   415 | D        | Found a shadowy altar of Dithmenos.
   415 | D        | Found a white marble altar of Elyvilon.
   415 | D        | Noticed a yak
   420 | D        | Killed a yak
   421 | D        | Reached skill level 13 in Stealth
   421 | D        | Reached skill level 10 in Hexes
   421 | D        | Found an opulent altar of Gozag.
   422 | D        | Found a sparkling altar of Nemelex Xobeh.
   432 | D        | Became a worshipper of Dithmenos the Shadowed
   484 | D        | Found a burning altar of Makhleb.
   484 | D        | Found a viscous altar of Jiyva.
   484 | D        | Found a shimmering altar of Xom.
   484 | D        | Found a corrupted altar of Lugonu.
   484 | D        | Noticed a slime creature
   491 | D        | Killed a slime creature
   492 | D        | Reached skill level 14 in Stealth
   492 | D        | Reached XP level 7. HP: 32/32 MP: 8/18
   585 | D        | Noticed Sonja
   589 | D        | Killed Sonja
   590 | D        | Reached skill level 16 in Stealth
   590 | D        | Reached XP level 8. HP: 37/37 MP: 18/20
   606 | D        | Found Nemuheh's Weapon Boutique.
   626 | D        | Noticed a deep troll
   630 | D        | Killed a deep troll
   630 | D        | Reached * piety under Dithmenos
   631 | D        | Reached skill level 1 in Fighting
   631 | D        | Reached skill level 17 in Stealth
   631 | D        | Reached skill level 5 in Invocations
   642 | D        | Found Hores's Armour Emporium.
   674 | D        | Bought a +2 dagger of electrocution for 170 gold pieces
   749 | D        | Noticed a centaur warrior
   749 | D        | Noticed a centaur warrior
   763 | D        | Noticed a kobold demonologist
   764 | D        | Noticed a kobold demonologist
   766 | D        | Killed a kobold demonologist
   767 | D        | Reached skill level 5 in Short Blades
   767 | D        | Reached skill level 18 in Stealth
   768 | D        | Reached XP level 9. HP: 41/41 MP: 22/22
   769 | D        | Killed a kobold demonologist
   769 | D        | Reached ** piety under Dithmenos
   817 | D        | Found the +7 great mace "Undeadhunter" {disrupt, rN+}
   831 | D        | Killed a centaur warrior
   832 | D        | Reached skill level 19 in Stealth
   833 | D        | Killed a centaur warrior
   834 | D        | Reached skill level 20 in Stealth
   855 | D        | Reached *** piety under Dithmenos
  1043 | D        | Noticed an oklob plant
  1045 | D        | Killed an oklob plant
  1046 | D        | Reached skill level 21 in Stealth
  1046 | D        | Reached XP level 10. HP: 46/46 MP: 24/24
  1057 | D        | Reached skill level 5 in Ice Magic
  1060 | D        | Reached skill level 10 in Dodging
  1081 | D        | Reached **** piety under Dithmenos
  1101 | D        | Reached skill level 22 in Stealth
  1120 | D        | Reached ***** piety under Dithmenos
  1156 | D        | Reached skill level 10 in Spellcasting
  1179 | D        | Reached ****** piety under Dithmenos
  1209 | D        | Found Goefur's Magic Scroll Shoppe.
  1209 | D        | Found Kifastul's Distillery.
  1209 | D        | Found Saheijud's Magic Scroll Boutique.
  1211 | D        | Found Uxtiefuy's Book Emporium.
  1211 | D        | Found Esi Zig's Jewellery Shop.
  1211 | D        | Found Vopsun's Jewellery Shoppe.
  1211 | D        | Found Vaihol's Magic Scroll Boutique.
  1211 | D        | Found Fimyer's Assorted Antiques.
  1211 | D        | Found Wots's General Store.
  1211 | D        | Found Ceov's Magic Scroll Shoppe.
  1215 | D        | Found Miatiufu's Book Boutique.
  1216 | D        | Found Aliwk's General Store.
  1216 | D        | Found Viefeoss's Magic Scroll Boutique.
  1217 | D        | Found Raut's Weapon Emporium.
  1222 | D        | Bought a ring of poison resistance for 240 gold pieces
  1223 | D        | Bought the amulet "Quogel" {rElec Regen+} for 440 gold
                  | pieces
  1231 | D        | Bought a ring of protection from fire for 250 gold pieces
  1303 | D        | Noticed a gargoyle
  1349 | D        | Killed a gargoyle
  1375 | D        | Reached skill level 23 in Stealth
  1578 | D        | Noticed a lindwurm
  1580 | D        | Killed a lindwurm
  1595 | D        | Reached skill level 10 in Invocations
  1603 | D        | Reached skill level 1 in Conjurations
  1610 | D        | Reached XP level 11. HP: 51/51 MP: 20/26
  1622 | D        | Reached skill level 24 in Stealth
  1734 | D        | Noticed a 12-headed hydra
  1736 | D        | Killed a 12-headed hydra
  1804 | D        | Noticed a shadow dragon
  1804 | D        | Noticed a golden dragon
  1807 | D        | Killed a golden dragon
  1808 | D        | Reached skill level 25 in Stealth
  1808 | D        | Killed a shadow dragon
  1809 | D        | Reached skill level 26 in Stealth
  1816 | D        | Got the Volume of Dislocation
  1882 | D        | Found Poinepi's General Store.
  1935 | D        | Noticed a daeva
  1978 | D        | Noticed a fire giant
  1979 | D        | Noticed a fire giant
  1979 | D        | Noticed a fire giant
  1979 | D        | Noticed a fire giant
  1980 | D        | Killed a fire giant
  1981 | D        | Reached skill level 27 in Stealth
  1984 | D        | Killed from afar by a fire giant

Illustrated notes

Levels and vault maps discovered:
D:        dungeon_sprint_1 [red_sonja_temple_1, red_sonja_temple_small_1]

Skill      XL: |  1  2  3  4  5  6  7  8  9 10 11 |
---------------+----------------------------------+-----
Dodging        | 4 5 6 7 8 9 10 12 | 12.0
Stealth        | 6 9 11 12 14 16 18 21 23 27 | 27.0
Spellcasting   | 3 4 5 6 7 8 9 10 11 | 11.9
Hexes          | 5 7 9 10 11 12 13 14 | 14.8
Short Blades   | 2 3 4 5 6 7 8 |  8.1
Ice Magic      | 1 2 3 4 5 |  5.6
Invocations    | 3 5 7 10 12 | 12.3
Fighting       | 1 2 3 |  3.4
Conjurations   | 1 3 |  3.0

Action                   |  1- 3 |  4- 6 |  7- 9 | 10-12 || total
-------------------------+-------+-------+-------+-------++-------
Melee: Dagger            |    18 |     6 |    18 |   123 ||   165
       Punch             |       |     1 |       |     2 ||     3
 Cast: Ensorcelled Hiber |     2 |     6 |     1 |     6 ||    15
       Dazzling Flash    |       |       |       |    15 ||    15
       Confusing Touch   |       |       |       |     4 ||     4
Invok: Shadow Step       |       |       |       |     3 ||     3
  Use: Scroll            |     1 |       |       |       ||     1
       Potion            |     1 |       |       |       ||     1
 Stab: Invisible         |     2 |       |       |    11 ||    13
       Sleeping          |     1 |     4 |     9 |    26 ||    40
       Confused          |       |       |       |     4 ||     4
Armor: Robe              |       |     1 |       |     5 ||     6
Dodge: Dodged            |    16 |     3 |     8 |   118 ||   145

Table legend: (Time is in decaauts)
 A = Elapsed time spent in this place.
 B = Non-inter-level travel time spent in this place.
 C = Inter-level travel time spent in this place.
 D = Time resting spent in this place.
 E = Time spent auto-exploring this place.
 F = Levels seen in this place.
 G = Mean time per level.
                   A        B        C        D        E       F      G
               +--------+--------+--------+--------+--------+-----+--------+
         Total |   1629 |   1629 |      0 |    788 |      0 |   1 | 1629.0 |
       Dungeon |   1629 |   1629 |      0 |    788 |      0 |   1 | 1629.0 |
               +--------+--------+--------+--------+--------+-----+--------+

Top non-repeatable levels by time:
       D: 1629 daAuts
